 Dungeon Crawl Stone Soup version 0.31-a0-1300-gb6740aa4e6 (webtiles) character file.

Game seed: 8150176715992420879

135364 Nudhul the Executioner (level 16, -4/243 HPs)
             Began as a Minotaur Berserker on Dec 18, 2023.
             Was a High Priest of Trog.
             Slain by Arachne the simulacrum (24 damage)
             ... on level 3 of the Spider Nest.
             The game lasted 00:48:28 (30363 turns).

Nudhul the Executioner (Minotaur Berserker)        Turns: 30363, Time: 00:48:28

Health: -4/243     AC: 28    Str: 29    XL:     16   Next: 64%
Magic:  1/15       EV: 10    Int:  4    God:    Trog [*****.]
Gold:   3163       SH:  0    Dex: 14    Spells: 15/15 levels left

rFire   . . .        a - +5 executioner's axe (flame)
rCold   . . .        (shield currently unavailable)
rNeg    . . .        g - +2 chain mail {rPois}
rPois   +            t - +0 hat
rElec   .            h - +0 cloak
rCorr   +            R - +0 pair of gloves
SInv    +            D - +1 pair of boots {Fly}
Will    ++++.        Y - amulet of regeneration Stlth
                     v - ring "Cidgh" {Will+ SInv}
HPRegen 2.40/turn    W - ring "Huly Muo" {rCorr AC+4 Dex+3}
MPRegen 0.14/turn

%: no passive effects
@: berserking, lethally poisoned (-4 -> -6), marked, strong-willed, flying,
regenerating, very quick
A: horns 2, retaliatory headbutt
a: Renounce Religion, Berserk, Trog's Hand, Brothers in Arms


You were on level 3 of the Spider Nest.
You worshipped Trog.
Trog was extremely pleased with you.
You visited 5 branches of the dungeon, and saw 26 of its levels.
You also visited: Bailey and Ice Cave.

You collected 3646 gold pieces.
You spent 483 gold pieces at shops.

Inventory:

Hand Weapons
 a - a +5 executioner's axe of flaming (weapon)
 w - a +5 antimagic battleaxe
Missiles
 b - 6 curare-tipped darts
 i - 56 poisoned darts
 q - 12 boomerangs (quivered)
 G - 2 atropa-tipped darts
Armour
 g - a +2 chain mail of poison resistance (worn)
 h - a +0 cloak (worn)
 k - a +1 buckler of cold resistance
 t - a +0 hat (worn)
 D - a +1 pair of boots of flying (worn)
 R - a +0 pair of gloves (worn)
Jewellery
 v - the ring "Cidgh" (left hand) {Will+ SInv}
   (You found it on level 2 of the Spider Nest)

   [ring of see invisible]

   Will+:     It increases your willpower.
   SInv:      It lets you see invisible.
 y - a ring of willpower
 L - a ring of positive energy
 O - a ring of fire
 V - a ring of protection from cold
 W - the ring "Huly Muo" (right hand) {rCorr AC+4 Dex+3}
   (You found it in an ice cave)

   [ring of protection]

   AC+4:      It affects your AC (+4).
   Dex+3:     It affects your dexterity (+3).
   rCorr:     It protects you from acid and corrosion.
 Y - an amulet of regeneration (around neck)
Wands
 j - a wand of mindburst (3)
 u - a wand of roots (28)
 A - a wand of polymorph (28)
 H - a wand of quicksilver (22)
 M - a wand of flame (30)
 Q - a wand of paralysis (7)
Scrolls
 e - 3 scrolls of fear
 n - 2 scrolls of teleportation
 o - 5 scrolls of poison
 s - a scroll of fog
 x - 3 scrolls of immolation
 E - 2 scrolls of vulnerability
 F - 3 scrolls of revelation
 I - 2 scrolls of butterflies
 J - a scroll of brand weapon
 K - a scroll of torment
 N - 5 scrolls of identify
Potions
 c - 5 potions of heal wounds
 d - 3 potions of haste
 f - 5 potions of curing
 l - a potion of might
 m - 10 potions of mutation
 p - 2 potions of attraction
 r - 3 potions of ambrosia
 z - 6 potions of cancellation
 B - 2 potions of berserk rage
 S - 3 potions of enlightenment
Miscellaneous
 C - a sack of spiders
 T - a phantom mirror
 U - a phial of floods


   Skills:
 - Level 20.0 Fighting
 - Level 22.4 Axes
 + Level 20.1 Armour
 - Level 2.1 Dodging


You had 15 spell levels left.
You didn't know any spells.
Your spell library contained the following spells:

 Spells                   Type           Power      Damage    Failure   Level
 Foxfire                  Conj/Fire      0%         2x1d4     80%         1
 Shock                    Conj/Air       0%         1d3       80%         1
 Cigotuvi's Dreadful Rot  Necr/Pois/Air  0%         N/A       90%         2
 Ensorcelled Hibernation  Hex/Ice        0%         N/A       90%         2
 Passwall                 Tmut/Erth      0%         N/A       90%         2
 Poisonous Vapours        Pois/Air       0%         N/A       90%         2
 Call Canine Familiar     Summ           0%         N/A       99%         3
 Ignite Poison            Fire/Tmut/Pois 0%         N/A       99%         3
 Mephitic Cloud           Conj/Pois/Air  0%         N/A       99%         3
 Sigil of Binding         Hex            0%         N/A       99%         3
 Summon Guardian Golem    Hex/Summ       0%         N/A       99%         3
 Swiftness                Air            0%         N/A       99%         3
 Tukima's Dance           Hex            0%         N/A       99%         3
 Airstrike                Air            0%         2d(0-16)  100%        4
 Cause Fear               Hex            0%         N/A       100%        4
 Dimensional Bullseye     Hex/Tloc       0%         N/A       100%        4
 Iskenderun's Mystic Bla  Conj/Tloc      0%         2d3       100%        4
 Passage of Golubria      Tloc           0%         N/A       100%        4
 Fireball                 Conj/Fire      0%         3d3       100%        5
 Freezing Cloud           Conj/Ice/Air   0%         6-21      100%        5
 Yara's Violent Unravell  Hex/Tmut       0%         3d3       100%        5
 Plasma Beam              Fire/Air       0%         2x1d10    100%        6
 Starburst                Conj/Fire      0%         6d3       100%        6
 Orb of Destruction       Conj           0%         9d5       100%        7
 Spellforged Servitor     Conj/Summ      0%         N/A       100%        7
 Dragon's Call            Summ           0%         N/A       100%        9


Dungeon Overview and Level Annotations

Branches:
Dungeon (15/15)            Temple (1/1) D:5            Lair (5/5) D:9
 Shoals (0/4) Lair:3       Spider (3/4) Lair:3        Slime (0/5) Lair:4
    Orc (2/2) D:12            Elf (0/3) Orc:2        Vaults (0/5) D:14
 Depths (0/4) D:15         Bailey (visited)           IceCv (visited)

Altars:
Ashenzari
Cheibriados
Dithmenos
Elyvilon
Fedhas
Gozag
Hepliaklqana
Kikubaaqudgha
Makhleb
Nemelex Xobeh
Okawaru
Qazlal
Ru
Sif Muna
Trog
Uskayaw
Vehumet
Wu Jian
Xom
Yredelemnul
Zin
The Shining One
Jiyva

Shops:
D:6 *   D:9 (   Orc:2 :[(

Annotations:
D:14 Roxanne
Lair:1 2 transporters, wildpjah's ghost, journeyman FoFi


Innate Abilities, Weirdness & Mutations

You have a pair of horns on your head.
You reflexively headbutt those who attack you in melee.


Message History

The jumping spider simulacrum barely misses you.
The jumping spider simulacrum bites you but does no damage.
The broodmother is engulfed in freezing vapours.
The broodmother bites you but does no damage.
The radroach bites you!
* * * LOW HITPOINT WARNING * * *
The radroach claws you but does no damage.
The radroach bites you but does no damage.
The radroach barely misses you.
You slash the broodmother! You burn the broodmother.
The broodmother is severely wounded.
You hit the radroach. You burn the radroach.
You slice the jumping spider simulacrum!!
You melt the jumping spider simulacrum!
The jumping spider simulacrum vaporises!
You barely miss the radroach. You slash the culicivora!
You burn the culicivora.
You feel the power of Trog in you as your rage grows.
You kill the culicivora!
Trog accepts your kill.
You slash Arachne!
You melt Arachne.
A freezing mist starts to gather...
A culicivora simulacrum comes into view.
You feel sick.
The broodmother bites you but does no damage.
Unknown command.
You slice the broodmother!! You burn the broodmother!
The broodmother is almost dead.
You slice Arachne!!
You melt Arachne!
You slice the radroach!! You burn the radroach.
You feel the power of Trog in you as your rage grows.
You kill the radroach!
Trog accepts your kill.
You closely miss the redback simulacrum.
You cut the radroach into ribbons!!! You burn the radroach.
A freezing mist starts to gather...
A radroach simulacrum comes into view.
You feel sick. Arachne hits you!
* * * LOW HITPOINT WARNING * * *
Arachne freezes you!!
You die...

.. .... ......
^.##... ..s...
.......##.......
..#.....^...^#..
.^............^..
............^.^..
.[...s..Z.......#.
.:....††sZ.....!..
...^#^.Z@Z.s......
.......Z|BB..#.#>#
.......Z.Z°^.^....
........#..°.s.#..
.....#...^..°s...^
..^..#........s...
...^....#.........
..^...............
..^........†....###


You could see a broodmother (soul bound), a radroach (soul bound), a boulder
beetle (rolling, soul bound), a wolf spider, 2 orb spiders, a jumping spider
(soul bound), 2 redbacks, 3 redback simulacra, Arachne the simulacrum, 2
culicivora simulacra and a radroach simulacrum.

Vanquished Creatures
  Arachne (Spider:3)
  Gastronok (Lair:3)
  2 ghost moths
  3 emperor scorpions
  A stone giant (Orc:2)
  2 broodmothers (Spider:2)
  A white draconian (IceCv)
  3 ettins (Orc:2)
  2 entropy weavers
  4 vault guards (D:14)
  7 hydras
  Erica (Orc:1)
  6 radroaches
  3 boulder beetles
  4 death yaks (Lair:5)
  2 centaur warriors
  A tengu warrior (D:14)
  5 demonic crawlers
  4 two-headed ogres
  2 hell hogs (Lair:5)
  Nergalle (Lair:2)
  Sonja (Orc:1)
  Amaemon (Lair:2)
  2 pharaoh ants
  A sun moth (Spider:2)
  A skyshark (Lair:2)
  6 orb spiders
  A harpy (shapeshifter) (D:13)
  An arcanist (D:14)
  The ghost of Likado the Summoner, a novice TeSu of Sif Muna (D:6)
  6 orc knights
  A lindwurm (Lair:5)
  A deep elf pyromancer (D:14)
  4 steelbarb worms
  An orc sorcerer (Orc:2)
  3 manticores
  20 elephants
  12 cyclopes
  13 wolf spiders
  5 ugly things
  2 ice statues (IceCv)
  Joseph (D:7)
  2 molten gargoyles (Lair:5)
  2 moths of wrath
  6 black mambas
  2 gargoyles
  An orange demon (Lair:2)
  3 torpor snails
  9 cane toads
  A kobold demonologist (D:11)
  9 rime drakes
  An unseen horror (D:11)
  2 yaktaurs (D:14)
  16 komodo dragons
  Maggie (Lair:1)
  2 tengu conjurers
  4 trolls
  2 polar bears
  3 hornets
  Prince Ribbit (D:7)
  6 meliai (Spider:2)
  25 tarantellas
  23 blink frogs
  13 jumping spiders
  Sigmund (D:2)
  9 slime creatures
  A shadow (D:10)
  7 wyverns
  2 vampires
  46 yaks
  A spriggan (Lair:4)
  18 culicivoras
  4 basilisks
  5 wraiths
  3 humans (D:14)
  6 wargs
  3 steam dragons
  13 vampire mosquitoes
  31 redbacks
  An acid dragon (D:10)
  4 hell hounds (Lair:5)
  13 water moccasins
  22 orc warriors
  3 sky beasts
  2 black bears
  An ice beast (D:8)
  8 ogres
  An ogre (shapeshifter) (D:13)
  22 wolves
  8 centaurs
  5 kobold brigands
  A phantom (D:7)
  A gnoll sergeant (D:9)
  6 bullfrogs
  2 scorpions
  6 wights
  15 killer bees
  A lindwurm simulacrum (IceCv)
  8 vampire bats (Bailey)
  3 howler monkeys (D:9)
  9 wolf zombies (Bailey)
  5 lava snakes (Lair:5)
  13 komodo dragon simulacra (IceCv)
  14 orc priests
  3 hounds
  A gnoll bouda (D:9)
  2 iguanas (D:4)
  2 sleepcaps
  25 orc wizards
  5 hell rats (Lair:4)
  2 spriggan simulacra (D:11)
  9 gnolls (D:9)
  4 acid dragon simulacra (IceCv)
  16 adders
  A naga simulacrum (D:11)
  2 shadow imps (D:8)
  A white imp (D:6)
  3 steam dragon simulacra (IceCv)
  2 worms
  2 dart slugs
  82 orcs
  7 bats
  6 endoplasms
  4 giant cockroaches
  10 goblins
  7 hobgoblins
  2 jackals (D:2)
  3 quokkas
  8 ball pythons
  6 frilled lizards
  32 kobolds
  17 orc zombies (Bailey)
  7 rats
869 creatures vanquished.

Notes
Turn   | Place    | Note
-------+----------+-------------------------------------------
     0 | D:1      | Nudhul the Minotaur Berserker began the quest for the Orb.
     0 | D:1      | Reached XP level 1. HP: 19/19 MP: 0/0
   217 | D:1      | Reached skill level 4 in Axes
   290 | D:1      | Reached XP level 2. HP: 18/26 MP: 1/1
   619 | D:1      | Reached ** piety under Trog
   774 | D:1      | You fall into a shaft and drop 1 floor!
   782 | D:2      | Reached skill level 5 in Axes
   782 | D:2      | Reached XP level 3. HP: 30/31 MP: 2/2
  1158 | D:2      | Found a faded altar of an unknown god.
  1224 | D:2      | Noticed Sigmund
  1242 | D:2      | Killed Sigmund
  1243 | D:2      | Reached skill level 7 in Axes
  1243 | D:2      | Reached XP level 4. HP: 28/39 MP: 3/3
  1243 | D:2      | Reached XP level 5. HP: 33/45 MP: 4/4
  1354 | D:2      | Identified the +5 mace "Koalak" {heavy, Will- rCorr Int+6
                  | Dex+3}
  1911 | D:3      | Reached skill level 8 in Axes
  1949 | D:3      | Identified the +3 dagger of Courage {spect, rF+}
  2193 | D:3      | Reached XP level 6. HP: 49/51 MP: 5/5
  2618 | D:4      | Reached *** piety under Trog
  2645 | D:4      | Reached skill level 9 in Axes
  2837 | D:4      | Reached skill level 10 in Axes
  2837 | D:4      | Reached XP level 7. HP: 56/57 MP: 6/6
  3101 | D:4      | Found a broken altar of Ashenzari.
  3102 | D:4      | Found a bloodstained altar of Trog.
  3105 | D:4      | Found a radiant altar of Vehumet.
  3111 | D:4      | Found a white marble altar of Elyvilon.
  3113 | D:4      | Found a hide-covered altar of Uskayaw.
  3114 | D:4      | Found a shadowy altar of Dithmenos.
  3258 | D:4      | Found a shimmering blue altar of Sif Muna.
  3424 | D:5      | Entered Level 5 of the Dungeon
  3450 | D:5      | Reached skill level 11 in Axes
  3764 | D:5      | Found a staircase to the Ecumenical Temple.
  3770 | Temple   | Entered the Ecumenical Temple
  3962 | D:4      | Reached XP level 8. HP: 64/64 MP: 7/7
  4124 | D:5      | Reached skill level 12 in Axes
  4939 | D:6      | Reached skill level 13 in Axes
  4942 | D:6      | Found a transporter.
  4985 | D:6      | Found a sacrificial altar of Ru.
  5039 | D:6      | Noticed a two-headed ogre
  5040 | D:6      | Noticed Likado's ghost (novice TeSu)
  5062 | D:6      | Found a transporter.
  5081 | D:6      | Killed a two-headed ogre
  5082 | D:6      | Reached skill level 14 in Axes
  5082 | D:6      | Reached XP level 9. HP: 54/70 MP: 8/8
  5097 | D:6      | Killed Likado's ghost
  5098 | D:6      | Reached skill level 15 in Axes
  5486 | D:6      | Found Zofi's CLEARANCE SALE!.
  5494 | D:6      | Bought a ring of resist corrosion for 140 gold pieces
  5494 | D:6      | Bought a potion of resistance for 70 gold pieces
  5494 | D:6      | Bought a scroll of blinking for 52 gold pieces
  5494 | D:6      | Bought a potion of enlightenment for 35 gold pieces
  5795 | D:6      | Found an ancient bone altar of Kikubaaqudgha.
  5907 | D:6      | Reached skill level 16 in Axes
  6235 | D:7      | Reached **** piety under Trog
  6564 | D:7      | Found a sparkling altar of Nemelex Xobeh.
  6582 | D:7      | Noticed Joseph
  6595 | D:7      | Killed Joseph
  6596 | D:7      | Reached skill level 17 in Axes
  6596 | D:7      | Reached XP level 10. HP: 51/77 MP: 9/9
  7067 | D:7      | Noticed Prince Ribbit
  7076 | D:7      | Killed Prince Ribbit
  7381 | D:8      | Noticed a manticore
  7386 | D:8      | Killed a manticore
  7387 | D:8      | Reached skill level 18 in Axes
  7394 | D:8      | Noticed a two-headed ogre
  7470 | D:8      | Found a flagged portal.
  7496 | Bailey   | Entered a bailey
  7947 | Bailey   | Noticed a gargoyle
  7954 | Bailey   | Killed a gargoyle
  8131 | Bailey   | Reached skill level 19 in Axes
  8285 | Bailey   | Identified the +7 great sword "Olli" {elec, rC+}
  9150 | D:8      | Killed a two-headed ogre
  9253 | D:8      | Reached XP level 11. HP: 80/82 MP: 10/10
  9488 | D:9      | Reached skill level 20 in Axes
  9719 | D:9      | Found a staircase to the Lair.
 10071 | D:9      | Noticed a two-headed ogre
 10082 | D:9      | Killed a two-headed ogre
 10389 | D:9      | Found Anaphoeg's Weapon Boutique.
 10397 | D:9      | Bought a +1 hand axe of flaming for 186 gold pieces
 10531 | D:9      | HP: 6/123 [very large slime creature (58)]
 10775 | D:9      | Identified the +0 ring mail of the Clam {-Cast rF- Regen+
                  | Dex+8}
 10999 | D:10     | Entered Level 10 of the Dungeon
 11179 | D:10     | Reached skill level 21 in Axes
 12144 | Lair:1   | Entered Level 1 of the Lair of Beasts
 12406 | Lair:1   | Noticed Maggie
 12413 | Lair:1   | Found a transporter.
 12417 | Lair:1   | Killed Maggie
 12442 | Lair:1   | Reached skill level 22 in Axes
 12521 | Lair:1   | Noticed a spriggan rider
 12557 | Lair:1   | Noticed wildpjah's ghost (journeyman FoFi)
 12564 | Lair:1   | Reached ***** piety under Trog
 12672 | Lair:1   | Found a bloodstained altar of Trog.
 12680 | Lair:1   | Found a transporter.
 13327 | Lair:2   | Reached XP level 12. HP: 48/90 MP: 11/11
 13453 | Lair:2   | Noticed Amaemon
 13471 | Lair:2   | Killed Amaemon
 13472 | Lair:2   | Reached skill level 5 in Fighting
 13625 | Lair:2   | Noticed Nergalle
 13643 | Lair:2   | Killed Nergalle
 14375 | Lair:2   | Noticed a four-headed hydra
 14381 | Lair:2   | Killed a one-headed hydra
 14530 | Lair:2   | Reached skill level 10 in Fighting
 14823 | Lair:2   | Identified a scroll of acquirement
 14828 | Lair:2   | Acquired 737 gold pieces
 14888 | Lair:3   | Noticed Gastronok
 14912 | Lair:3   | Killed Gastronok
 15183 | Lair:3   | Reached XP level 13. HP: 82/122 MP: 12/12
 15208 | Lair:3   | HP: 3/122 [blink frog (12)]
 16211 | Lair:3   | Found a hole to the Spider Nest.
 16589 | Lair:3   | Found a staircase to the Shoals.
 16700 | Lair:4   | Found a white marble altar of Elyvilon.
 17007 | Lair:4   | Received a gift from Trog
 17009 | Lair:4   | Reached skill level 15 in Fighting
 17233 | Lair:4   | Found a staircase to the Slime Pits.
 17233 | Lair:4   | Found a viscous altar of Jiyva.
 17473 | Lair:4   | You are sucked into a shaft and drop 1 floor!
 17473 | Lair:5   | Entered Level 5 of the Lair of Beasts
 18833 | Lair:5   | Reached XP level 14. HP: 143/143 MP: 13/13
 19795 | Lair:5   | Found a large runed translucent door.
 19796 | Lair:5   | Found a large runed translucent door.
 20778 | Lair:4   | Received a gift from Trog
 21100 | D:11     | Found a frozen archway.
 21130 | IceCv    | Entered an ice cave
 21715 | IceCv    | Reached skill level 5 in Armour
 21887 | IceCv    | Identified the ring "Huly Muo" {rCorr AC+4 Dex+3}
 21889 | IceCv    | Identified the ring "Biopyxy" {Wiz Will- Dex+6}
 23080 | D:12     | Found a staircase to the Orcish Mines.
 23415 | D:12     | Identified the +0 short sword of Courage {distort, rN++}
 23771 | Orc:1    | Entered Level 1 of the Orcish Mines
 23953 | Orc:1    | Noticed Erica
 23962 | Orc:1    | Noticed Sonja
 23965 | Orc:1    | Killed Erica
 23968 | Orc:1    | Received a gift from Trog
 23986 | Orc:1    | Killed Sonja
 24285 | Orc:2    | Entered Level 2 of the Orcish Mines
 24435 | Orc:2    | Reached skill level 10 in Armour
 24466 | Orc:2    | Found Wax Hoiqisem's General Store.
 24481 | Orc:2    | Reached XP level 15. HP: 99/155 MP: 14/14
 24647 | Orc:2    | Found Wusushr Evuyh's Book Emporium.
 24735 | Orc:2    | Found Otoapi Illi's Antique Weapon Emporium.
 24736 | Orc:2    | Found a staircase to the Elven Halls.
 24884 | Orc:2    | Found Fusug's Antique Armour Shop.
 25993 | D:13     | Received a gift from Trog
 27229 | D:14     | Noticed Roxanne
 27534 | D:14     | Found a gate to the Vaults.
 27988 | D:15     | Entered Level 15 of the Dungeon
 27996 | D:15     | Found a staircase to the Depths.
 27996 | D:15     | Noticed a fire giant
 28337 | Spider:1 | Entered Level 1 of the Spider Nest
 28371 | Spider:1 | Reached skill level 15 in Armour
 28681 | Spider:1 | Identified the +3 great sword of Sloth {flame, rC+ Str-3
                  | Dex+4 Stlth+} (Trog gifted it to you on level 1 of the
                  | Spider Nest)
 28681 | Spider:1 | Received a gift from Trog
 29226 | Spider:1 | Reached XP level 16. HP: 133/162 MP: 15/15
 29595 | Spider:2 | HP: 1/162 [redback[a broodmother] (8)]
 29941 | Spider:2 | Identified the ring "Cidgh" {Will+ SInv}
 30160 | Spider:2 | Identified the +2 leather armour "Daogro" {Rampage rPois
                  | Dex+4 Stlth-}
 30291 | Spider:3 | Received a gift from Trog
 30336 | Spider:3 | Noticed Arachne
 30359 | Spider:3 | Killed Arachne
 30363 | Spider:3 | Slain by Arachne the simulacrum

Illustrated notes

Levels and vault maps discovered:
D:1:      ldierk_walled_garden_2, layout_basic
D:2:      layout_loops_ring, chequers_ecumenical_altar_lobes, uniq_sigmund
D:3:      minmay_evil_eye, layout_loops_ring, chequers_serial_rivers_small_a,
          amcnicky_mini_pool_small, kennysheep_generic_room_4
D:4:      layout_rooms, tgw_sif, minitemple
D:5:      layout_basic, minmay_temple_entry_enclosed_plants,
          corexii_corridor_pit
D:6:      layout_cave_pods, overflow_temple_1_default,
          mainiacjoe_overflow_alcove_4, gammafunk_ghost_smash,
          grunt_ministairs_3, nicolae_shop_clearance
D:7:      layout_loops_ring, nemelex_dance_club_becter, minivault_5,
          uniq_joseph, uniq_prince_ribbit1
D:8:      nzn_winding_woodlands_three_and_one
          [nzn_winding_woodlands_5x15_sidewinder,
          nzn_winding_woodlands_5x15_crooked,
          nzn_winding_woodlands_5x15_lazy_stream,
          nzn_winding_woodlands_center_lodge], layout_layer_cave, enter_bailey_4
D:9:      layout_gridville, dpeg_oklobed_lair, serial_shops,
          nicolae_shop_bloodbath_and_beyond, dk_noncrumbling_2,
          minmay_misc_feat_alley
D:10:     layout_basic, palyth_stone_intersect
D:11:     layout_loops_ring, portal_ice_cave_entry_ice_simulacra,
          kennysheep_flooded_box
D:12:     layout_loops_ring, david_orc_2
D:13:     layout_loops_corners
D:14:     layout_basic, grunt_vaults_entry_fortified, uniq_roxanne
D:15:     grunt_enter_depths_giant_problem, layout_irregular_city,
          nicolae_zig_zag_zippers, kennysheep_four_rooms
Temple:   nicolae_temple_x_marks_the_god
Lair:1:   layout_regular_city, gammafunk_ghost_wrathful_warriors, uniq_maggie
Lair:2:   layout_misc_corridors, chequers_serial_rivers_micro_c,
          grunt_megastairs_2, infiniplex_staircase_pool_2, uniq_nergalle,
          uniq_amaemon
Lair:3:   layout_roguey, mainiacjoe_shoals_entry_four_pools,
          spider_nest_entry_funnel_web, grunt_megastairs_5, uniq_gastronok
Lair:4:   minmay_lair_venomous_thicket, layout_layer_cave, slime_entry_1,
          basic_altar, grunt_forest_stairs_basic, grunt_forest_stairs_clearing,
          lemuel_fruit_tree, lemuel_fruit_fields
Lair:5:   cheibrodos_lair_end_hotspot, layout_regular_city
Spider:1: layout_spider_delve
Spider:2: layout_spider_delve
Spider:3: layout_spider_delve, nicolae_spider_jagged_tunnels, uniq_arachne
Orc:1:    layout_caves, uniq_erica, uniq_sonja
Orc:2:    grunt_orc_gardens, layout_caves, grunt_orc_garden, grunt_orc_garden,
          grunt_orc_garden, grunt_orc_garden, basic_altar, nicolae_orc_rockfall

Skill      XL: |  1  2  3  4  5  6  7  8  9 10 11 12 13 14 15 16 |
---------------+-------------------------------------------------+-----
Axes           | 4 5 7 8 10 11 14 17 19 22 | 22.4
Fighting       | 13 18 20 | 20.0
Armour         | 10 16 20 | 20.1
Dodging        | |  2.1

Action                     |  1- 3 |  4- 6 |  7- 9 | 10-12 | 13-15 | 16-18 || total
---------------------------+-------+-------+-------+-------+-------+-------++-------
  Melee: Hand axe          |    82 |    95 |    66 |   234 |       |       ||   477
         Headbutt          |    13 |    17 |    42 |   127 |   210 |    30 ||   439
         Punch             |     1 |       |     9 |     5 |     6 |       ||    21
         War axe           |       |       |   205 |   392 |   414 |       ||  1011
         Executioner's axe |       |       |       |       |   576 |   158 ||   734
  Throw: Boomerang         |       |       |    13 |    18 |    11 |     2 ||    44
         Dart              |       |       |     4 |       |       |     4 ||     8
 Invoke: Trog's Hand       |     1 |       |     6 |     7 |    13 |     4 ||    31
         Berserk           |       |     3 |       |     7 |     4 |     1 ||    15
    Use: Scroll            |       |     2 |     7 |    12 |     7 |     1 ||    29
         Potion            |       |       |     7 |     4 |     5 |     5 ||    21
 Armour: Animal skin       |    34 |       |       |       |       |       ||    34
         Plate armour      |    20 |    76 |    89 |       |       |       ||   185
         Chain mail        |       |       |   105 |   489 |   893 |   272 ||  1759
  Dodge: Dodged            |    44 |    33 |    78 |   211 |   463 |    98 ||   927

Table legend: (Time is in decaauts)
 A = Elapsed time spent in this place.
 B = Non-inter-level travel time spent in this place.
 C = Inter-level travel time spent in this place.
 D = Time resting spent in this place.
 E = Time spent auto-exploring this place.
 F = Levels seen in this place.
 G = Mean time per level.
                   A        B        C        D        E       F      G
               +--------+--------+--------+--------+--------+-----+--------+
         Total |  30026 |  28627 |   1399 |   1925 |  21809 |  28 | 1072.4 |
       Dungeon |  16058 |  15044 |   1014 |   1215 |  11431 |  15 | 1070.5 |
        Temple |      1 |      1 |      0 |      0 |      0 |   1 |    1.0 |
          Lair |   8529 |   8252 |    277 |    288 |   6913 |   5 | 1705.8 |
   Spider Nest |   1962 |   1916 |     46 |     80 |   1297 |   3 |  654.0 |
  Orcish Mines |   1701 |   1639 |     62 |      4 |   1221 |   2 |  850.5 |
        Bailey |    854 |    854 |      0 |    224 |    325 |   1 |  854.0 |
      Ice Cave |    918 |    918 |      0 |    113 |    621 |   1 |  918.0 |
               +--------+--------+--------+--------+--------+-----+--------+

Top non-repeatable levels by time:
  Lair:5: 2834 daAuts
  Lair:2: 1998 daAuts
     D:9: 1992 daAuts
  Lair:3: 1422 daAuts
    D:13: 1396 daAuts
     D:8: 1341 daAuts
  Lair:4: 1311 daAuts
     D:6: 1299 daAuts
    D:14: 1213 daAuts
     D:7: 1211 daAuts
   Orc:2: 1168 daAuts
    D:10: 1150 daAuts
     D:5: 1096 daAuts
Spider:1: 1056 daAuts
    D:12: 973 daAuts
